Map: Ulrena

Players

capac - Winner!

  • Race: Terran Terran
  • League: Gold

Lukedragon

  • Race: Zerg Zerg

VOD

Have the link to the VOD?

Description

Time

  • Played on: April 4, 2016, 12:40 p.m.
  • Length: 7:29
Show
View Real Time Build Order
Export as new Build Order

capac Terran - Winner!

Build Orders: Reaper Expand 

Get SALT Encoding   

  12  0:00  SCV  
  13  0:12  SCV  
  14  0:18  Supply Depot  
  14  0:25  SCV  
  15  0:40  SCV  
  15  0:41  Barracks  
  16  0:46  Refinery  
  16  0:52  SCV  
  18  1:04  SCV  
  18  1:16  SCV  
  19  1:31  Orbital Command  
  19  1:32  Reaper  
  20  1:42  Command Center  
  20  1:52  Supply Depot  
  20  1:58  SCV  
  21  2:03  Marine  
  22  2:11  Factory  
  22  2:12  SCV  
  22  2:15  Refinery  
  23  2:34  Barracks Reactor  
  23  2:48  SCV  
  24  2:55  Factory Tech Lab  
  24  2:58  Barracks  
  24  3:00  Orbital Command  
  24  3:01  SCV  
  25  3:07  Starport  
  25  3:12  Marine x2  
  27  3:13  SCV  
  28  3:22  Siege Tank  
  30  3:43  Orbital Command  
  30  3:46  Barracks Tech Lab  
  30  4:09  Marine  
  30  4:10  Marine  
  30  4:11  Marine, Bunker  
  30  4:12  Siege Tank, Medivac  
  38  4:18  SCV  
  38  4:19  Engineering Bay  
  38  4:20  SCV  
  40  4:29  Supply Depot  
  40  4:34  Stimpack  
  40  4:42  Supply Depot  
  40  4:48  Marine x2  
  42  5:06  Marine x2  
  43  5:08  Marine  
  43  5:10  Siege Tank, Medivac  
  49  5:15  Barracks  
  49  5:19  Supply Depot  
  49  5:22  Bunker  
  49  5:29  SCV x2  
  51  5:40  Marine x3  
  54  5:47  SCV x2  
  56  5:52  Starport Reactor  
  56  5:54  Siege Tank  
  59  5:58  Marine x2  
  59  6:03  SCV x2  
  63  6:09  Barracks Reactor  
  63  6:15  Supply Depot  
  63  6:29  Medivac x2  
  67  6:39  Marine  
  67  6:40  Marine x2  
  67  6:44  Refinery, SCV x2  
  67  6:45  Refinery  
  72  6:57  Marine  
  73  7:18  Missile Turret  
  73  7:22  Missile Turret  
Show
View Real Time Build Order
Export as new Build Order

Lukedragon Zerg 

Build Orders: Hatch First, Zergling Baneling 

Get SALT Encoding   

  12  0:09  Drone  
  13  0:15  Overlord  
  13  0:18  Drone  
  14  0:34  Drone x2  
  16  0:53  Hatchery  
  16  0:54  Drone  
  16  1:04  Extractor  
  15  1:14  Drone  
  15  1:15  Spawning Pool  
  15  1:18  Drone  
  16  1:21  Drone  
  17  1:45  Drone x2  
  19  1:58  Overlord  
  19  2:03  Queen  
  19  2:06  Queen  
  23  2:09  Metabolic Boost  
  23  2:13  Zergling x2  
  23  2:15  Zergling x2  
  25  2:25  Zergling x6  
  28  2:39  Zergling x2  
  28  2:40  Zergling x4  
  31  2:52  Extractor, Drone  
  31  2:54  Drone x2  
  33  3:00  Baneling Nest, Drone  
  33  3:03  Drone  
  34  3:12  Overlord  
  34  3:28  Drone x2  
  34  3:29  Overlord  
  36  3:44  Zergling x6  
  36  3:45  Zergling x4  
  41  3:54  Zergling x2  
  41  3:55  Zergling x6  
  44  4:00  Drone  
  44  4:02  Drone  
  46  4:06  Baneling x3  
  46  4:07  Baneling  
  46  4:09  Baneling  
  46  4:10  Baneling  
  46  4:23  Lair  
  46  4:26  Drone x2  
  46  4:29  Baneling x2  
  46  4:30  Baneling  
  46  4:31  Baneling  
  48  4:36  Overlord  
  39  5:09  Drone  
  39  5:10  Drone x12  
  52  5:14  Extractor  
  52  5:16  Zergling x2, Extractor  
  52  5:21  Overlord  
  52  5:28  Drone  
  52  5:37  Drone  
  52  5:38  Spire  
  52  5:47  Queen  
  52  6:15  Drone  
  52  6:16  Drone x3  
  56  6:36  Overlord x2  
  56  6:49  Mutalisk x3  
  56  6:50  Mutalisk x2  
  66  6:57  Hatchery  
  65  7:05  Zergling x2  
  65  7:06  Zergling x16  
Tags
 
Add a new tag
Caveats
  • Supply blocks, unpowered buildings, or Contaminate may cause inaccurate times.
  • Supply counts are checked every 10 seconds.